 Dungeon Crawl Stone Soup version 0.26-a0-658-gbdda728c12 (webtiles) character file.

Game seed: 702484285221180640

69 jiml777 the Grasshopper (level 4, -4/38 HPs)
             Began as a Gnoll Warper on Oct 4, 2020.
             Slain by an ice beast (9 damage)
             ... on level 1 of the Dungeon.
             The game lasted 00:08:40 (1561 turns).

jiml777 the Grasshopper (Gnoll Warper)              Turns: 1561, Time: 00:08:41

Health: -4/38      AC:  8    Str: 13    XL:     4   Next: 20%
Magic:  0/11       EV:  7    Int: 16    God:
Gold:   174        SH:  0    Dex: 15    Spells: 13/13 levels left

rFire    . . .     SeeInvis .   v - +0 war axe
rCold    . . .     Faith    .   (no shield)
rNeg     . . .     Spirit   +   w - +0 chain mail
rPois    +         Reflect  .   (no helmet)
rElec    .         Harm     .   (no cloak)
rCorr    .         Rampage  .   (no gloves)
MR       .....                  (no boots)
Stlth    ..........             l - amulet of guardian spirit
HPRegen  0.12/turn              j - ring of attention (curse)
MPRegen  0.12/turn              n - ring of poison resistance

@: no status effects
A: distributed training, fangs 1, strong nose
a: no special abilities


You were on level 1 of the Dungeon.
You visited 1 branch of the dungeon, and saw 2 of its levels.

You collected 174 gold pieces.

Inventory:

Hand Weapons
 a - a +0 hand axe
 k - a +0 hunting sling
 v - a +0 war axe (weapon)
Missiles
 e - 5 boomerangs of dispersal (quivered)
 f - 9 sling bullets
 o - 13 arrows
 s - 15 poisoned darts
 t - 15 bolts
Armour
 b - a +0 leather armour
 w - a +0 chain mail (worn)
Jewellery
 j - a cursed ring of attention (left hand)
 l - an amulet of guardian spirit (around neck)
 n - a ring of poison resistance (right hand)
Scrolls
 d - 2 scrolls of blinking
 g - 2 scrolls of enchant armour {unknown}
 h - a scroll of remove curse {unknown}
 i - 2 scrolls of enchant weapon {unknown}
 q - 2 scrolls of identify {unknown}
Potions
 c - a potion of magic {unknown}
 m - a potion of stabbing {unknown}
 p - a potion of ambrosia {unknown}
 r - 2 potions of brilliance {unknown}
 u - a potion of might {unknown}


   Skills:
 + Level 4.6 Fighting
 + Level 1.0 Short Blades
 + Level 1.0 Long Blades
 + Level 4.6 Axes
 + Level 1.0 Maces & Flails
 + Level 1.0 Polearms
 + Level 1.0 Staves
 + Level 1.0 Slings
 + Level 1.0 Bows
 + Level 1.0 Crossbows
 + Level 2.7 Throwing
 + Level 2.7 Armour
 + Level 4.6 Dodging
 + Level 1.0 Stealth
 + Level 1.0 Shields
 + Level 1.0 Unarmed Combat
 + Level 5.0 Spellcasting
 + Level 0.8 Conjurations
 + Level 0.8 Hexes
 + Level 0.8 Summonings
 + Level 0.8 Necromancy
 + Level 5.4 Translocations
 + Level 0.8 Transmutations
 + Level 0.8 Fire Magic
 + Level 0.8 Ice Magic
 + Level 0.8 Air Magic
 + Level 0.8 Earth Magic
 + Level 0.8 Poison Magic
 + Level 1.1 Invocations
 + Level 1.0 Evocations


You had 13 spell levels left.
You didn't know any spells.
Your spell library contained the following spells:

 Spells                   Type           Power        Failure   Level
 Blink                    Tloc           N/A          58%         2
 Gell's Gravitas          Tloc           ###.......   83%         3
 Lesser Beckoning         Tloc           ###.......   83%         3
 Teleport Other           Tloc           ###.....     83%         3
 Passage of Golubria      Tloc           N/A          99%         4


Dungeon Overview and Level Annotations

Branches:
Dungeon (2/15)

Altars:
Hepliaklqana
Ru


Innate Abilities, Weirdness & Mutations

Your experience applies equally to all skills.
You have very sharp teeth.
Your uncanny sense of smell can sniff out nearby items.


Message History

The ice beast is severely wounded.
The ice beast barely misses you.
The ice beast hits you but does no damage.
You hit the ice beast.
The ice beast is severely wounded.
The ice beast hits you. The ice beast freezes you!
* * * LOW HITPOINT WARNING * * *
You hit the ice beast but do no damage.
The ice beast is severely wounded.
The ice beast hits you but does no damage.
You closely miss the ice beast. Your bite misses the ice beast.
The ice beast is severely wounded.
The ice beast hits you. The ice beast freezes you.
* * * LOW HITPOINT WARNING * * *
You see here a +0 club.
The ice beast hits you but does no damage.
The ice beast hits you.
* * * LOW HITPOINT WARNING * * *
The ice beast freezes you!
You die...

.#.#..# #.>#
##...## #.####.
#.8.#.####..# ##.##
#.# #.
.#.#.....>..# #.#
#.# #.
.###.#.###..#
#.#####.# ##
.......# #..#
#####.##.)..#####
..###### #..#
#..).......#.....
.#########..#
#.######....##...
>...........#####Y#
##........
................@.#
#.###....
###################
#.# #.... #
#.###.... #
#......## #
#####.#.# # #.##. #
#.... ########
#.##. .......#
#.##.


You could see an ice beast.

Vanquished Creatures
  Jessica (D:2)
  A worm (D:2)
  A leopard gecko (D:2)
  4 giant cockroaches
  6 goblins
  3 hobgoblins
  4 kobolds
  8 bats
  5 frilled lizards (D:1)
  6 rats
39 creatures vanquished.

Notes
Turn   | Place    | Note
-------+----------+-------------------------------------------
     0 | D:1      | jiml777 the Gnoll Warper began the quest for the Orb.
     0 | D:1      | Reached XP level 1. HP: 20/20 MP: 6/6
   121 | D:1      | Reached XP level 2. HP: 18/26 MP: 7/7
   599 | D:1      | Reached XP level 3. HP: 31/31 MP: 9/9
   633 | D:1      | Reached skill level 5 in Spellcasting
   957 | D:2      | Found a sacrificial altar of Ru.
   971 | D:2      | Noticed Jessica
   991 | D:2      | Killed Jessica
   991 | D:2      | Reached skill level 1 in Short Blades
   991 | D:2      | Reached skill level 1 in Long Blades
   991 | D:2      | Reached skill level 1 in Maces & Flails
   991 | D:2      | Reached skill level 1 in Polearms
   991 | D:2      | Reached skill level 1 in Staves
   991 | D:2      | Reached skill level 1 in Slings
   991 | D:2      | Reached skill level 1 in Bows
   991 | D:2      | Reached skill level 1 in Crossbows
   991 | D:2      | Reached skill level 1 in Stealth
   991 | D:2      | Reached skill level 1 in Shields
   991 | D:2      | Reached skill level 1 in Unarmed Combat
   991 | D:2      | Reached skill level 1 in Invocations
   991 | D:2      | Reached skill level 1 in Evocations
   991 | D:2      | Reached XP level 4. HP: 29/38 MP: 11/11
  1250 | D:2      | Found a hazy altar of Hepliaklqana.
  1452 | D:2      | Noticed an ice beast
  1561 | D:1      | Slain by an ice beast

Illustrated notes

Levels and vault maps discovered:
D:1:      ebering_trefoil_3fold, layout_loops_ring, minmay_misc_feat_columns,
          grunt_decor_one_mirror
D:2:      layout_basic, nicolae_ru_awakened_eye, nicolae_overflow_crystal_walls,
          serial_glass, glass_columns_b, glass_columns_c, glass_columns_b,
          glass_columns_c, glass_columns_a, glass_columns_b,
          minmay_misc_feat_four_crosses, interstate_on_off, hex_intersection,
          minmay_tall_x, uniq_jessica

Skill      XL: |  1  2  3 |
---------------+----------+-----
Spellcasting   | 5 |  5.0
Short Blades   | 1 |  1.0
Long Blades    | 1 |  1.0
Maces & Flails | 1 |  1.0
Polearms       | 1 |  1.0
Staves         | 1 |  1.0
Slings         | 1 |  1.0
Bows           | 1 |  1.0
Crossbows      | 1 |  1.0
Stealth        | 1 |  1.0
Shields        | 1 |  1.0
Unarmed Combat | 1 |  1.0
Invocations    | 1 |  1.1
Evocations     | 1 |  1.0
Fighting       | |  4.6
Axes           | |  4.6
Throwing       | |  2.7
Armour         | |  2.7
Dodging        | |  4.6
Conjurations   | |  0.8
Hexes          | |  0.8
Summonings     | |  0.8
Necromancy     | |  0.8
Translocations | |  5.4
Transmutations | |  0.8
Fire Magic     | |  0.8
Ice Magic      | |  0.8
Air Magic      | |  0.8
Earth Magic    | |  0.8
Poison Magic   | |  0.8

Action                   |  1- 3 |  4- 6 || total
-------------------------+-------+-------++-------
Melee: Hand axe          |   114 |    33 ||   147
       Bite              |    12 |     5 ||    17
       War axe           |       |    13 ||    13
Armor: Leather armour    |    28 |    13 ||    41
       Chain mail        |       |    11 ||    11
Dodge: Dodged            |    89 |    32 ||   121

Table legend: (Time is in decaauts)
 A = Elapsed time spent in this place.
 B = Non-inter-level travel time spent in this place.
 C = Inter-level travel time spent in this place.
 D = Time resting spent in this place.
 E = Time spent auto-exploring this place.
 F = Levels seen in this place.
 G = Mean time per level.
                   A        B        C        D        E       F      G
               +--------+--------+--------+--------+--------+-----+--------+
         Total |   1581 |   1554 |     27 |    236 |    659 |   2 |  790.5 |
       Dungeon |   1581 |   1554 |     27 |    236 |    659 |   2 |  790.5 |
               +--------+--------+--------+--------+--------+-----+--------+

Top non-repeatable levels by time:
     D:1: 930 daAuts
     D:2: 650 daAuts
